 Dungeon Crawl Stone Soup version 0.31-a0-968-g24f9ace8b5 (webtiles) character file.

Game seed: 2652283033820873330

19487 suckswine the Protected (level 12, -2/9 HPs)
             Began as a Gnoll Wanderer on Oct 27, 2023.
             Was an Initiate of Gozag.
             Slain by an elephant (11 damage)
             ... on level 2 of the Lair of Beasts.
             The game lasted 00:31:00 (14254 turns).

suckswine the Protected (Gnoll Wanderer)           Turns: 14254, Time: 00:31:01

Health: -2/9       AC:  0    Str: 17    XL:     12   Next: 69%
Magic:  23/23      EV: 22    Int: 11    God:    Gozag
Gold:   406        SH:  0    Dex: 18    Spells: 26/26 levels left

rFire   . . .        z - melded +4 war axe (elec)
rCold   . . .        (shield currently unavailable)
rNeg    . . .        A - melded +1 swamp dragon scales
rPois   ∞            m - melded +0 helmet
rElec   +            l - melded +2 cloak
rCorr   .            (gloves currently unavailable)
SInv    .            f - melded +0 pair of boots
Will    .....        g - amulet of regeneration
Stlth   ++++         d - +6 ring of dexterity
HPRegen 1.01/turn    q - +5 ring of evasion
MPRegen 0.18/turn

%: no passive effects
@: storm-form, flying
A: cleaving, insubstantial, flying, reduced hp, (fangs 1), strong nose,
distributed training
a: Blinkbolt, Begin Untransformation, Renounce Religion, Potion Petition, Call
Merchant, Bribe Branch


You were on level 2 of the Lair of Beasts.
You worshipped Gozag.
Gozag was aware of your devotion.
You were a lightning-filled tempest!
You visited 3 branches of the dungeon, and saw 13 of its levels.
You also visited: Sewer and Ossuary.

You collected 2028 gold pieces.
You spent 404 gold pieces at shops.
You paid 1218 gold pieces to Gozag.

Inventory:

Hand Weapons
 b - a +0 orcbow
 z - a +4 war axe of electrocution (melded)
 I - a +2 scimitar of flaming
Missiles
 y - a throwing net
Armour
 f - a +0 pair of boots (melded)
 i - a scarf of invisibility
 l - a +2 cloak (melded)
 m - a +0 helmet (melded)
 A - +1 swamp dragon scales (melded)
Jewellery
 d - a +6 ring of dexterity (left fist)
 g - an amulet of regeneration (around neck)
 q - a +5 ring of evasion (right fist)
 v - an amulet of the acrobat
 B - an amulet of reflection
 J - a ring of protection from cold
Talismans
 j - a storm talisman (active)
 u - a flux talisman
Wands
 C - a wand of polymorph (1)
 G - a wand of charming (19)
Scrolls
 n - 2 scrolls of blinking
 p - 3 scrolls of vulnerability
 w - 3 scrolls of poison
 x - a scroll of amnesia
 D - 2 scrolls of identify
 H - 3 scrolls of teleportation
Potions
 c - a potion of lignification
 e - 4 potions of mutation
 h - 3 potions of brilliance
 k - 2 potions of attraction
 o - 2 potions of haste
 r - 2 potions of enlightenment
 E - 2 potions of curing
 F - a potion of ambrosia


   Skills:
 + Level 10.1 Fighting
 + Level 7.6 Short Blades
 + Level 10.1 Long Blades
 + Level 7.6 Axes
 + Level 7.6 Maces & Flails
 + Level 7.6 Polearms
 + Level 7.6 Staves
 + Level 7.6 Ranged Weapons
 + Level 7.6 Throwing
 + Level 10.1 Armour
 + Level 8.1 Dodging
 + Level 7.6 Stealth
 + Level 7.6 Shields
 + Level 7.6 Unarmed Combat
 + Level 7.6 Spellcasting
 + Level 6.3 Conjurations
 + Level 6.3 Hexes
 + Level 6.3 Summonings
 + Level 6.3 Necromancy
 + Level 6.3 Translocations
 + Level 6.3 Transmutations
 + Level 6.3 Fire Magic
 + Level 6.3 Ice Magic
 + Level 6.3 Air Magic
 + Level 6.3 Earth Magic
 + Level 6.3 Poison Magic
 + Level 8.4 Invocations
 + Level 7.6 Evocations
 + Level 7.0 Shapeshifting


You had 26 spell levels left.
You didn't know any spells.
Your spell library contained the following spells:

 Spells                   Type           Power      Damage    Failure   Level
 Static Discharge         Conj/Air       36%        3-5/arc   1%          2
 Airstrike                Air            9%         2d(2-18)  12%         4
 Anguish                  Hex/Necr       9%         N/A       12%         4
 Cause Fear               Hex            9%         N/A       12%         4
 Leda's Liquefaction      Hex/Erth       9%         N/A       12%         4
 Summon Lightning Spire   Summ/Air       18%        N/A       12%         4
 Lee's Rapid Deconstruct  Erth           9%         3d7*      32%         5
 Bombard                  Conj/Erth      9%         9d2       88%         6
 Enfeeble                 Hex            9%         N/A       100%        7


Dungeon Overview and Level Annotations

Branches:
Dungeon (10/15)            Temple (1/1) D:7            Lair (2/5) D:10
 Spider (0/4) Lair:2          Orc (0/2) D:10          Sewer (visited)
Ossuary (visited)
  Swamp: Lair:2-3    Shoals: Lair:2-3

Altars:
Ashenzari
Cheibriados
Dithmenos
Elyvilon
Fedhas
Gozag
Kikubaaqudgha
Nemelex Xobeh
Okawaru
Qazlal
Ru
Sif Muna
Trog
Uskayaw
Vehumet
Wu Jian
Xom
Yredelemnul
Zin
The Shining One

Shops:
D:1 [   D:9 ?   D:10 *

Annotations:
D:8 3 runed translucent doors, Dirtsage's ghost, novice OpSh
D:10 Nergalle


Innate Abilities, Weirdness & Mutations

You are a lightning-filled tempest!
Your electrical attacks strike out in all directions at once.
You are incredibly evasive.
Your insubstantial body is immune to petrification, constriction, and being set on fire You are flying.
Your maximum health is decreased, since you lack skill for your form.
Your armour is entirely melded.
You are incapable of wielding weapons or throwing items.
You are immune to poison.
((You have very sharp teeth.))
Your uncanny sense of smell can sniff out nearby items.
Your experience applies equally to all skills.


Message History

You hit the elephant.
You punch the elephant, but do no damage.
The elephant is heavily wounded.
The elephant barely misses you.
The elephant trunk-slaps you but does no damage.
You hit the elephant.
The elephant is heavily wounded.
The elephant tramples you but does no damage.
The elephant barely misses you.
You slash the elephant!
The elephant is severely wounded.
The elephant closely misses you.
The elephant trunk-slaps you but does no damage.
You barely miss the elephant.
The elephant is severely wounded.
The elephant misses you. x2
You slash the elephant!
The elephant is almost dead.
The elephant closely misses you. The elephant completely misses you.
You hit the elephant.
Lightning courses through the elephant!!
You kill the elephant!
No target in view!
No target in view!
You now have enough gold to petition Gozag for potion effects.
You now have 406 gold pieces (gained 24).
There are no items here.
There is a stone staircase leading down, spattered with blood here.
You begin transforming.
You continue transforming. x3
You turn into a lightning-filled tempest!
Your +4 war axe of electrocution melds into your body.
Your +2 cloak melds into your body.
Your +0 helmet melds into your body.
Your +0 pair of boots melds into your body.
Your +1 swamp dragon scales melds into your body.
Your +4 war axe of electrocution stops crackling.
HP restored.
You fly downwards.
The elephant tramples you!
Ouch! That really hurt!
You die...
Your body crumbles into a pile of gold.

###### ##..........###.........
.## #.#..+##.#.## ##........
..### #####.###### ###........
#.#.## ####..##### #..##+#.##.
#....# #.#..#.##.########..###.
.#..## #...........# #....>.
###.## #...........# ##.....
#...### #...........### ##....⌠.
##..#.###.....Yv......###....##.
#.....#.......Y....##......####
#...#..#......Y.....##...###.##
#....#.............##....###...
##..###.............+...........
#...# ###^...........⌠.....⌠..<.
##.## #.......................
### #...........##.....##...
######....#####.....####


You could see 3 elephants.

Vanquished Creatures
  Erolcha (D:10)
  Erica (Lair:2)
  3 death yaks (Lair:2)
  Pikel (D:9)
  An elephant (Lair:1)
  A gargoyle (D:10)
  5 cane toads
  Maggie (D:7)
  An unseen horror (D:10)
  Psyche (D:9)
  A rime drake (Lair:2)
  2 kobold demonologists (D:6)
  4 komodo dragons
  Grinder (D:4)
  A polar bear (Lair:2)
  4 blink frogs (Lair:1)
  5 shadows
  10 yaks
  A basilisk (Lair:1)
  2 steam dragons
  11 water moccasins
  Duvessa (D:5)
  4 sky beasts
  Pargi (Sewer)
  4 orc warriors
  4 ice beasts
  8 black bears
  4 centaurs
  2 ogres (D:6)
  12 wolves
  3 phantoms
  2 kobold brigands
  2 scorpions (D:5)
  13 bullfrogs
  4 wights (D:7)
  Dowan (D:5)
  15 killer bees (D:9)
  7 howler monkeys
  A jelly (D:6)
  7 orc priests
  A hound (D:6)
  A sleepcap (D:6)
  3 iguanas
  5 orc wizards
  2 hound skeletons (D:4)
  8 mummies (Ossuary)
  6 adders
  A white imp (D:7)
  6 ufetubi
  3 adder skeletons (D:4)
  2 worms
  2 dart slugs (D:1)
  27 orcs
  8 ball pythons
  5 endoplasms
  4 giant cockroaches
  A gnoll zombie (Ossuary)
  5 goblins
  11 hobgoblins
  2 jackals (D:1)
  13 kobolds
  3 quokkas
  2 bats
  4 frilled lizards
  3 hobgoblin zombies (Ossuary)
  A kobold zombie (Ossuary)
  3 orc zombies (Ossuary)
  5 rats
290 creatures vanquished.

Vanquished Creatures (collateral kills)
  2 kobolds (D:9)
2 creatures vanquished.

Grand Total: 292 creatures vanquished

Notes
Turn   | Place    | Note
-------+----------+-------------------------------------------
     0 | D:1      | suckswine the Gnoll Wanderer began the quest for the Orb.
     0 | D:1      | suckswine set off with the following items: a +1 long
                  | sword, a +0 scale mail, a potion of lignification.
     0 | D:1      | Reached XP level 1. HP: 23/23 MP: 1/1
    41 | D:1      | Found a faded altar of an unknown god.
    80 | D:1      | Reached XP level 2. HP: 29/29 MP: 2/2
   360 | D:1      | Found Xearomib's Armour Shoppe.
   433 | D:1      | Reached XP level 3. HP: 35/35 MP: 3/3
   757 | D:2      | Identified the +7 mace of Nyloorul {flame, Str+3 Dex+3}
   856 | D:2      | Reached skill level 1 in Invocations
   960 | D:2      | Reached skill level 1 in Short Blades
   960 | D:2      | Reached skill level 1 in Axes
   960 | D:2      | Reached skill level 1 in Maces & Flails
   960 | D:2      | Reached skill level 1 in Polearms
   960 | D:2      | Reached skill level 1 in Staves
   960 | D:2      | Reached skill level 1 in Ranged Weapons
   960 | D:2      | Reached skill level 1 in Throwing
   960 | D:2      | Reached skill level 1 in Stealth
   960 | D:2      | Reached skill level 1 in Shields
   960 | D:2      | Reached skill level 1 in Unarmed Combat
   960 | D:2      | Reached skill level 1 in Spellcasting
   960 | D:2      | Reached skill level 1 in Evocations
  1196 | D:2      | Found a white marble altar of Elyvilon.
  1329 | D:3      | Reached XP level 4. HP: 41/41 MP: 5/5
  1356 | D:3      | Reached skill level 1 in Shapeshifting
  1485 | D:3      | Found a hide-covered altar of Uskayaw.
  1587 | D:3      | Reached skill level 1 in Conjurations
  1587 | D:3      | Reached skill level 1 in Hexes
  1587 | D:3      | Reached skill level 1 in Summonings
  1587 | D:3      | Reached skill level 1 in Necromancy
  1587 | D:3      | Reached skill level 1 in Translocations
  1587 | D:3      | Reached skill level 1 in Transmutations
  1587 | D:3      | Reached skill level 1 in Fire Magic
  1587 | D:3      | Reached skill level 1 in Ice Magic
  1587 | D:3      | Reached skill level 1 in Air Magic
  1587 | D:3      | Reached skill level 1 in Earth Magic
  1587 | D:3      | Reached skill level 1 in Poison Magic
  1681 | D:3      | Found a glowing drain.
  1700 | Sewer    | Entered a sewer
  1767 | Sewer    | Noticed Pargi
  1771 | Sewer    | Killed Pargi
  1772 | Sewer    | Reached XP level 5. HP: 43/47 MP: 5/7
  2204 | D:3      | Found a shimmering blue altar of Sif Muna.
  2505 | D:4      | Reached XP level 6. HP: 49/53 MP: 8/8
  2571 | D:4      | Found a sand-covered staircase.
  2581 | Ossuary  | Entered an ossuary
  3118 | D:4      | Reached XP level 7. HP: 60/60 MP: 10/10
  3161 | D:4      | Noticed Grinder
  3170 | D:4      | Killed Grinder
  3527 | D:4      | Reached XP level 8. HP: 51/67 MP: 12/12
  3726 | D:4      | Identified the +2 robe of the Voracious Grue {Rampage
                  | Stlth+ Archmagi}
  4022 | D:5      | Entered Level 5 of the Dungeon
  4263 | D:5      | Noticed Dowan
  4264 | D:5      | Noticed Duvessa
  4274 | D:5      | Killed Duvessa
  4279 | D:5      | Killed Dowan
  4754 | D:6      | Noticed a shadow
  5056 | D:6      | Noticed a kobold demonologist
  5058 | D:6      | Noticed a kobold demonologist
  5077 | D:6      | Noticed a smoke demon
  5079 | D:6      | Reached XP level 9. HP: 34/73 MP: 14/14
  5079 | D:6      | Noticed a soul eater
  5079 | D:6      | Noticed an orange demon
  5119 | D:6      | Noticed a rust devil
  5119 | D:6      | Killed a kobold demonologist
  5121 | D:6      | Killed a kobold demonologist
  5122 | D:6      | Reached skill level 5 in Dodging
  5532 | D:6      | Reached skill level 5 in Invocations
  5703 | D:6      | Found an ancient bone altar of Kikubaaqudgha.
  6603 | D:7      | Noticed Maggie
  6622 | D:7      | Reached XP level 10. HP: 80/80 MP: 17/17
  6638 | D:7      | Killed Maggie
  6639 | D:7      | Reached skill level 5 in Short Blades
  6639 | D:7      | Reached skill level 5 in Axes
  6639 | D:7      | Reached skill level 5 in Maces & Flails
  6639 | D:7      | Reached skill level 5 in Polearms
  6639 | D:7      | Reached skill level 5 in Staves
  6639 | D:7      | Reached skill level 5 in Ranged Weapons
  6639 | D:7      | Reached skill level 5 in Throwing
  6639 | D:7      | Reached skill level 5 in Stealth
  6639 | D:7      | Reached skill level 5 in Shields
  6639 | D:7      | Reached skill level 5 in Unarmed Combat
  6639 | D:7      | Reached skill level 5 in Spellcasting
  6639 | D:7      | Reached skill level 5 in Evocations
  7047 | D:7      | Found a staircase to the Ecumenical Temple.
  7048 | D:7      | Identified the +5 spear of Malaise {speed, rPois Dex+2}
  8326 | Temple   | Entered the Ecumenical Temple
  8487 | D:8      | Reached skill level 5 in Shapeshifting
  8624 | D:8      | Found a runed translucent gate.
  8625 | D:8      | Found a runed translucent gate.
  8626 | D:8      | Found a runed translucent gate.
  8665 | D:8      | Noticed Dirtsage's ghost (novice OpSh)
  8688 | D:8      | Found a blossoming altar of Fedhas.
  8779 | D:8      | Found a sparkling altar of Nemelex Xobeh.
  8865 | D:8      | Found a snail-covered altar of Cheibriados.
  8936 | D:8      | Found a bloodstained altar of Trog.
  8939 | D:8      | Found an opulent altar of Gozag.
  8963 | D:8      | Became a worshipper of Gozag Ym Sagoz the Greedy
  9138 | D:9      | Noticed Psyche
  9150 | D:9      | Killed Psyche
  9481 | D:9      | Noticed Pikel
  9493 | D:9      | Killed Pikel
  9494 | D:9      | Reached XP level 11. HP: 82/89 MP: 19/19
  9553 | D:9      | Reached skill level 5 in Conjurations
  9553 | D:9      | Reached skill level 5 in Hexes
  9553 | D:9      | Reached skill level 5 in Summonings
  9553 | D:9      | Reached skill level 5 in Necromancy
  9553 | D:9      | Reached skill level 5 in Translocations
  9553 | D:9      | Reached skill level 5 in Transmutations
  9553 | D:9      | Reached skill level 5 in Fire Magic
  9553 | D:9      | Reached skill level 5 in Ice Magic
  9553 | D:9      | Reached skill level 5 in Air Magic
  9553 | D:9      | Reached skill level 5 in Earth Magic
  9553 | D:9      | Reached skill level 5 in Poison Magic
  9821 | D:9      | Found Cedylo's Magic Scroll Shop.
  9824 | D:9      | Bought a scroll of teleportation for 39 gold pieces
  9824 | D:9      | Bought a scroll of teleportation for 39 gold pieces
  9824 | D:9      | Bought a scroll of identify for 26 gold pieces
  9824 | D:9      | Bought a scroll of identify for 26 gold pieces
  9824 | D:9      | Bought a scroll of blinking for 97 gold pieces
 10184 | D:9      | Found a white marble altar of Elyvilon.
 10306 | D:10     | Entered Level 10 of the Dungeon
 10478 | D:10     | Found a staircase to the Orcish Mines.
 10849 | D:10     | Found a staircase to the Lair.
 11632 | D:10     | Noticed Erolcha
 11755 | D:10     | Noticed Nergalle
 11808 | D:10     | Killed Erolcha
 12130 | D:13     | Identified the "Xaove"
 12130 | Lair:1   | Entered Level 1 of the Lair of Beasts
 12156 | Lair:1   | Identified the staff "Beast's Foe" {rElec Dex+6 Air}
 12489 | Lair:1   | Reached XP level 12. HP: 67/97 MP: 22/22
 13188 | D:10     | Bought a scroll labelled QEDOBLATIVU for 30 gold pieces
 13188 | D:10     | Bought a bone wand for 120 gold pieces
 13188 | D:10     | Bought a white potion for 27 gold pieces
 13332 | Lair:2   | Noticed Erica
 13352 | Lair:2   | Killed Erica
 13492 | Lair:2   | Found a hole to the Spider Nest.
 13637 | Lair:2   | Reached skill level 10 in Fighting
 13637 | Lair:2   | Reached skill level 10 in Long Blades
 13637 | Lair:2   | Reached skill level 10 in Armour
 14066 | Lair:2   | Noticed a death yak
 14066 | Lair:2   | Noticed a death yak
 14067 | Lair:2   | Noticed a death yak
 14083 | Lair:2   | Killed a death yak
 14101 | Lair:2   | Killed a death yak
 14112 | Lair:2   | Killed a death yak
 14254 | Lair:2   | Slain by an elephant

Illustrated notes

Levels and vault maps discovered:
D:1:      mrwooster_arrival_statue_3, layout_basic,
          hellmonk_ecumenical_altar_dog_temple, serial_shops,
          nicolae_shop_back_alley_shop, minmay_pentomino_v2
D:2:      layout_basic, basic_altar
D:3:      layout_basic, mainiacjoe_overflow_catwalk,
          mainiacjoe_overflow_alcove_2, serial_curves, eino_curves_04,
          eino_curves_01, cheibrodos_sewer_entry_bend
D:4:      layout_loops_ring, mainiacjoe_ossuary_entry_find_the_door,
          grunt_decor_fettered, uniq_grinder
D:5:      layout_basic, uniq_duvessa
D:6:      layout_loops_corners, kennysheep_mini, hangedman_decor_lopped,
          st_stairs_5, minmay_increasing_density, uniq_crazy_yiuf_cottage
D:7:      layout_gridville, temple_fountains, uniq_maggie
D:8:      cheibrodos_iron_armory, layout_basic, nicolae_overflow_hidden_temple,
          fedhas_altar_fruit_tree, nicolae_overflow_squiral,
          lemuel_doored_altar, gammafunk_ghost_spectres,
          corexii_leaking_fountain
D:9:      layout_roguey, elyvilon_altar_1, serial_shops,
          nicolae_shop_window_shopping, uniq_pikel, uniq_psyche
D:10:     layout_loops_ring, lair_entry_dummy, orc_david_3,
          kennysheep_kite_vault, uniq_erolcha, uniq_nergalle
Temple:   bh_familiar_temple
Lair:1:   layout_hall_layers, cheibrodos_lair_caveside_slide,
          beast_lair_carwin_3, grunt_megastairs_2
Lair:2:   layout_roguey, minmay_shoals_entry_lonely_mermaid, dummy_spider_entry,
          grunt_megastairs_5, uniq_erica

Skill      XL: |  1  2  3  4  5  6  7  8  9 10 11 12 |
---------------+-------------------------------------+-----
Invocations    | 1 2 3 4 5 6 7 8 |  8.4
Short Blades   | 1 2 3 4 5 7 |  7.6
Axes           | 1 2 3 4 5 7 |  7.6
Maces & Flails | 1 2 3 4 5 7 |  7.6
Polearms       | 1 2 3 4 5 7 |  7.6
Staves         | 1 2 3 4 5 7 |  7.6
Ranged Weapons | 1 2 3 4 5 7 |  7.6
Throwing       | 1 2 3 4 5 7 |  7.6
Stealth        | 1 2 3 4 5 7 |  7.6
Shields        | 1 2 3 4 5 7 |  7.6
Unarmed Combat | 1 2 3 4 5 7 |  7.6
Spellcasting   | 1 2 3 4 5 7 |  7.6
Evocations     | 1 2 3 4 5 7 |  7.6
Shapeshifting  | 1 2 3 4 5 6 7 |  7.0
Conjurations   | 1 2 3 4 5 6 |  6.3
Hexes          | 1 2 3 4 5 6 |  6.3
Summonings     | 1 2 3 4 5 6 |  6.3
Necromancy     | 1 2 3 4 5 6 |  6.3
Translocations | 1 2 3 4 5 6 |  6.3
Transmutations | 1 2 3 4 5 6 |  6.3
Fire Magic     | 1 2 3 4 5 6 |  6.3
Ice Magic      | 1 2 3 4 5 6 |  6.3
Air Magic      | 1 2 3 4 5 6 |  6.3
Earth Magic    | 1 2 3 4 5 6 |  6.3
Poison Magic   | 1 2 3 4 5 6 |  6.3
Dodging        | 3 4 5 6 7 8 |  8.1
Fighting       | 7 8 9 10 | 10.1
Long Blades    | 7 8 9 10 | 10.1
Armour         | 7 8 9 10 | 10.1

Action                     |  1- 3 |  4- 6 |  7- 9 | 10-12 || total
---------------------------+-------+-------+-------+-------++-------
  Melee: Long sword        |    51 |       |       |       ||    51
         Bite              |     6 |     4 |    18 |    57 ||    85
         Mace              |    24 |    83 |   189 |   380 ||   676
         Punch             |     1 |     2 |     6 |    28 ||    37
         War axe           |       |       |       |   148 ||   148
         Spear             |       |       |       |    13 ||    13
         Scimitar          |       |       |       |   102 ||   102
   Fire: Orcbow            |       |       |    24 |    78 ||   102
 Invoke: Potion Petition   |       |       |       |     1 ||     1
         Call Merchant     |       |       |       |     1 ||     1
Ability: Evoke Invisibilit |       |       |       |     1 ||     1
  Evoke: Wand              |       |     2 |       |     2 ||     4
    Use: Scroll            |     5 |     4 |    11 |     7 ||    27
         Potion            |       |     2 |    10 |    10 ||    22
   Stab: Sleeping          |       |       |     2 |     4 ||     6
         Invisible         |       |       |     1 |     5 ||     6
         Distracted        |       |       |       |     4 ||     4
 Armour: Scale mail        |    38 |    44 |   212 |     7 ||   301
         Skin              |       |       |    73 |    91 ||   164
         Swamp dragon scal |       |       |       |   461 ||   461
  Dodge: Dodged            |    35 |    47 |   183 |   532 ||   797
  Block: Other             |       |       |       |    47 ||    47
   Form: Storm             |       |       |       |     1 ||     1

Table legend: (Time is in decaauts)
 A = Elapsed time spent in this place.
 B = Non-inter-level travel time spent in this place.
 C = Inter-level travel time spent in this place.
 D = Time resting spent in this place.
 E = Time spent auto-exploring this place.
 F = Levels seen in this place.
 G = Mean time per level.
                   A        B        C        D        E       F      G
               +--------+--------+--------+--------+--------+-----+--------+
         Total |  14362 |  13411 |    951 |   3115 |   7676 |  15 |  957.5 |
       Dungeon |  11669 |  10806 |    863 |   2516 |   6353 |  10 | 1166.9 |
        Temple |     26 |      0 |     26 |      0 |      0 |   1 |   26.0 |
          Lair |   2125 |   2063 |     62 |    408 |   1108 |   2 | 1062.5 |
         Sewer |    143 |    143 |      0 |      0 |    112 |   1 |  143.0 |
       Ossuary |    398 |    398 |      0 |    190 |    103 |   1 |  398.0 |
               +--------+--------+--------+--------+--------+-----+--------+

Top non-repeatable levels by time:
     D:6: 2116 daAuts
    D:10: 1737 daAuts
     D:7: 1727 daAuts
     D:9: 1275 daAuts
     D:4: 1161 daAuts
  Lair:1: 1112 daAuts
     D:3: 1013 daAuts
  Lair:2: 1013 daAuts
     D:8: 771 daAuts
     D:1: 716 daAuts
     D:2: 609 daAuts
     D:5: 539 daAuts
 Ossuary: 398 daAuts
   Sewer: 143 daAuts
  Temple: 26 daAuts
